 Dungeon Crawl Stone Soup version 0.19-a0-1111-gcceb26a (webtiles) character file.

607 Ijustatesigmund the Sneak (level 7, -7/54 HPs)
             Began as a Demonspawn Fighter on Aug 11, 2016.
             Mangled by an ogre
             ... wielding a +0 giant club
              (26 damage)
             ... on level 5 of the Dungeon.
             The game lasted 00:10:01 (4076 turns).

Ijustatesigmund the Sneak (Demonspawn Fighter)      Turns: 4076, Time: 00:10:02

Health: -7/54      AC: 10    Str: 16    XL:     7   Next: 19%
Magic:  7/7        EV: 15    Int:  9    God:
Gold:   246        SH:  6    Dex: 10    Spells: 0 memorised, 6 levels left

rFire  . . .     SeeInvis .     a - +0 flail
rCold  + + +     Gourm    .     e - +3 ring mail of Lietuulasu {rC+++ rCorr Dex-5 Stlth+}
rNeg   . . .     Faith    .     t - +2 buckler
rPois  .         Spirit   .     (helmet restricted)
rElec  .         Dismiss  .     (no cloak)
rCorr  +         Reflect  .     (no gloves)
SustAt .         Harm     .     k - +1 pair of boots {Stlth+}
MR     .....     Clarity  +     (no amulet)
Stlth  ++++...... Rnd*Tele +    h - +4 ring of evasion
                                l - ring of resist corrosion

@:
A: antennae 1, clarity, demonic guardian 2, high mp 1, screaming 1, teleportitis
2, wild magic 1, evolution 1
a: no special abilities


You were on level 5 of the Dungeon.
You were not hungry.

You visited 1 branch of the dungeon, and saw 5 of its levels.

You collected 246 gold pieces.

Inventory:

Hand Weapons
 a - a +0 flail (weapon)
 u - a +3 dire flail of protection
Armour
 c - a +0 shield
 e - the +3 ring mail of Lietuulasu (worn) {rC+++ rCorr Dex-5 Stlth+}
   (You found it on level 4 of the Dungeon)

   It affects your dexterity (-5).
   It renders you almost immune to cold.
   It protects you from acid and corrosion.
   It makes you more stealthy.
 k - a +1 pair of boots of stealth (worn)
 m - a +0 chain mail
 t - a +2 buckler (worn)
Jewellery
 h - a +4 ring of evasion (right hand)
 l - a ring of resist corrosion (left hand)
 n - a cursed ring of sustain attributes {unknown}
Wands
 d - a wand of random effects (22/48)
 v - a wand of teleportation (1/9)
 x - a wand of random effects (18/48)
Scrolls
 b - a scroll of magic mapping
 g - a scroll of blinking {unknown}
 o - a scroll of fear
 r - a scroll of immolation
 w - 2 scrolls of identify
Potions
 i - a potion of brilliance
 q - a potion of curing {unknown}
Comestibles
 f - 4 bread rations
 j - a royal jelly
 p - 2 fruits
 s - a slice of pizza


   Skills:
 - Level 4.0 Fighting
 - Level 4.0 Maces & Flails
 - Level 2.6 Armour
 - Level 2.5 Dodging
 + Level 4.9 Stealth
 - Level 2.6 Shields


You had 6 spell levels left.
You didn't know any spells.

Dungeon Overview and Level Annotations

Branches:
Dungeon (5/15)
 Temple: D:4-7

Altars:
Dithmenos
Nemelex Xobeh
Yredelemnul
The Shining One


Innate Abilities, Weirdness & Mutations

You have a pair of small antennae on your head.
A demonic guardian rushes to your aid.
You possess an exceptional clarity of mind.
You have an increased reservoir of magic. (+10% MP)
You occasionally shout uncontrollably at your foes.
You are sometimes teleported next to monsters.
Your spells are a little harder to cast, but a little more powerful.
You evolve.


Message History

The ogre is moderately wounded.
The ogre hits you but does no damage.
You hit the ogre.
The ogre is moderately wounded.
You completely miss the ogre.
The ogre is moderately wounded.
The ogre barely misses you.
You barely miss the ogre.
The ogre is moderately wounded.
The ogre hits you with a giant club!
You hit the ogre.
The ogre is heavily wounded.
The ogre barely misses you.
You closely miss the ogre.
The ogre is heavily wounded.
The ogre hits you with a giant club!
You hit the ogre but do no damage.
The ogre is heavily wounded.
The ogre hits you with a giant club!!
You die...

...#§§§# ######[.....#....#
>...#.#...............#.....
#.......... ####...%.....#..
#.†.....###.####......#.....
#######.# ...........#.....
# .#####.[...# #.#.
#####.#.###. ...
#............ ##
#...@..#..#.. #...O..#..#
#......#..# ........##.#
###......# ..
############.......
#.........######....
#.........######.....
#.[.oW[........#


You could see an ogre.

Vanquished Creatures
  Edmund (D:5)
  2 phantoms
  A scorpion (D:4)
  2 crimson imps (D:5)
  An orc priest (D:4)
  An iguana (D:5)
  A worker ant (D:4)
  2 hound skeletons (D:4)
  Robin (D:2)
  3 gnolls (D:4)
  2 adders
  An ooze (D:3)
  3 worms
  3 dart slugs
  5 giant geckos
  5 orcs
  A giant cockroach (D:4)
  11 goblins
  5 hobgoblins
  8 jackals
  4 kobolds
  3 quokkas
  3 ball pythons
  8 bats
  A giant gecko skeleton (D:5)
  8 giant newts
  10 rats
96 creatures vanquished.

Vanquished Creatures (collateral kills)
  A gnoll shaman (D:4)
  An orc wizard (D:4)
  An orc (D:5)
  A goblin (D:2)
4 creatures vanquished.

Grand Total: 100 creatures vanquished

Notes
Turn   | Place    | Note
-------+----------+-------------------------------------------
     0 | D:1      | Ijustatesigmund the Demonspawn Fighter began the quest for the Orb.
     0 | D:1      | Reached XP level 1. HP: 18/18 MP: 1/1
   235 | D:1      | Reached skill level 1 in Dodging
   235 | D:1      | Gained mutation: A weak demonic guardian rushes to your aid. [demonic ancestry]
   235 | D:1      | Reached XP level 2. HP: 22/24 MP: 2/2
   716 | D:2      | Noticed Robin
   723 | D:2      | Gained mutation: You have a pair of small antennae on your head. [demonic ancestry]
   723 | D:2      | Reached XP level 3. HP: 24/29 MP: 3/3
   744 | D:2      | Killed Robin
  1129 | D:2      | Found a basalt altar of Yredelemnul.
  1132 | D:2      | Found a glowing golden altar of the Shining One.
  1134 | D:2      | Found a sparkling altar of Nemelex Xobeh.
  1169 | D:2      | Reached XP level 4. HP: 35/35 MP: 4/4
  2341 | D:4      | Reached XP level 5. HP: 42/42 MP: 5/5
  2430 | D:4      | Gained mutation: Your spells are a little harder to cast, but a little more powerful. [potion of mutation]
  2430 | D:4      | Gained mutation: You are occasionally teleported next to monsters. [potion of mutation]
  2430 | D:4      | Gained mutation: You are sometimes teleported next to monsters. [potion of mutation]
  2479 | D:4      | Gained mutation: Your magical capacity is low. (-10% MP) [potion of mutation]
  2479 | D:4      | Gained mutation: You occasionally shout uncontrollably at your foes. [potion of mutation]
  2479 | D:4      | Lost mutation: Your magical capacity is low. (-10% MP) [potion of mutation]
  2480 | D:4      | Gained mutation: You have an increased reservoir of magic. (+10% MP) [potion of mutation]
  2480 | D:4      | Gained mutation: You evolve. [potion of mutation]
  2480 | D:4      | Gained mutation: You possess an exceptional clarity of mind. [potion of mutation]
  2732 | D:4      | Got a heavily runed ring mail
  2743 | D:4      | Identified the +3 ring mail of Lietuulasu {rC+++ rCorr Dex-5 Stlth+} (You found it on level 4 of the Dungeon)
  2805 | D:4      | Noticed a phantom
  2821 | D:4      | Killed a phantom
  2821 | D:4      | Reached XP level 6. HP: 36/48 MP: 6/6
  3136 | D:4      | Noticed an orc warrior
  3707 | D:5      | Entered Level 5 of the Dungeon
  3757 | D:5      | Noticed Edmund
  3781 | D:5      | Found a shadowy altar of Dithmenos.
  4023 | D:5      | Gained mutation: A demonic guardian rushes to your aid. [demonic ancestry]
  4023 | D:5      | Reached XP level 7. HP: 36/54 MP: 7/7
  4062 | D:5      | Killed Edmund
  4076 | D:5      | Mangled by an ogre

Vault maps used:
D:1:      mrwooster_arrival_statue
D:2:      minmay_door_path, nicolae_overflow_hidden_temple, first_bread,
          grunt_ministairs_1, uniq_robin
D:3:      minmay_diamond_boxcup
D:5:      grunt_dithmenos_smoke_and_mirrors, uniq_edmund

Skill      XL: |  1  2  3  4  5  6 |
---------------+-------------------+-----
Maces & Flails | 2 3 4 |  4.0
Dodging        | 1 2 |  2.5
Fighting       | 4 |  4.0
Stealth        | 2 4 |  4.9
Armour         | |  2.6
Shields        | |  2.6

Action                   |  1- 3 |  4- 6 |  7- 9 || total
-------------------------+-------+-------+-------++-------
Melee: Flail             |   151 |   266 |    12 ||   429
Evoke: Wand              |       |     2 |       ||     2
  Use: Scroll            |     4 |     5 |       ||     9
       Potion            |     1 |     6 |       ||     7
 Stab: Sleeping          |       |     6 |       ||     6
  Eat: Chunk             |     1 |     4 |       ||     5
       Beef jerky        |       |     1 |       ||     1
       Meat ration       |       |     1 |       ||     1
Armor: Scale mail        |    50 |       |       ||    50
       Chain mail        |    48 |    73 |       ||   121
       Ring mail         |       |    37 |     2 ||    39
Dodge: Dodged            |    37 |   167 |     4 ||   208
Block: Shield            |    84 |    49 |       ||   133
       Buckler           |       |    69 |     1 ||    70
